 Dungeon Crawl Stone Soup version 0.30-a0-165-g1891117ce2 (webtiles) character file.

Game seed: 1048234425236782325

47973 qw the Blocker (level 14, 0/88 HPs)
             Began as a Gargoyle Fighter on Sept 28, 2022.
             Was an Elder of Okawaru.
             Slain by Rupert
             ... wielding a +2 vorpal great mace
              (1 damage)
             ... on level 13 of the Dungeon.
             The game lasted 00:08:15 (21198 turns).

qw the Blocker (Gargoyle Fighter)                  Turns: 21198, Time: 00:08:15

Health: 0/88       AC: 49    Str: 25    XL:     14   Next: 44%
Magic:  13/19      EV:  7    Int:  9    God:    Okawaru [****..]
Gold:   673        SH: 22    Dex: 16    Spells: 13/13 levels left

rFire   . . .      SeeInvis .    Y - +0 war axe
rCold   . . .      Faith    .    b - +0 tower shield
rNeg    + + .      Spirit   .    u - +6 crystal plate armour of Ekeu {+Blink Will+ Dex+4}
rPois   inf        Reflect  .    (no helmet)
rElec   +          Harm     .    j - +2 cloak
rCorr   .          Rampage  .    r - +0 pair of gloves of Prudence {Dex+3}
Will    ++...                    m - +2 pair of boots
Stlth   ..........               (no amulet)
HPRegen 0.24/turn                q - ring of positive energy
MPRegen 0.16/turn                (no ring)

@: about to teleport, heroic, finesse-ful, flying
A: sickness immunity, AC +10, big wings, negative energy resistance 1,
electricity resistance, torment resistance 1, petrification resistance, low MP
1, sense surroundings 1
a: Renounce Religion, Evoke Blink, Heroism, Finesse


You were on level 13 of the Dungeon.
You worshipped Okawaru.
Okawaru was greatly pleased with you.
You visited 3 branches of the dungeon, and saw 19 of its levels.

You collected 1088 gold pieces.
You spent 415 gold pieces at shops.


Innate Abilities, Weirdness & Mutations

You are immune to sickness and miasma.
Your stone body is resilient. (AC +10)
You are immune to poison.
Your large and strong wings let you fly.
You resist negative energy. (rN+)
You are resistant to electric shocks. (rElec)
You are resistant to unholy torment.
You are immune to petrification.
Your magical capacity is low. (-10% MP)
You passively map a small area around you.


   Skills:
 - Level 10.0(15.0) Fighting
 + Level 12.7(17.7) Axes
 - Level 3.0(8.0) Throwing
 - Level 11.0(16.0) Armour
 - Level 2.2(7.2) Dodging
 - Level 14.8(19.8) Shields
 - Level 10.0 Invocations


You had 13 spell levels left.
You didn't know any spells.
Your spell library was empty.

Inventory:

Hand Weapons
 n - a +0 flail
 Y - a +0 war axe (weapon)
Missiles
 h - 5 boomerangs (quivered)
 v - a javelin
Armour
 b - a +0 tower shield (worn)
 j - a +2 cloak (worn)
 m - a +2 pair of boots (worn)
 r - the +0 pair of gloves of Prudence (worn) {Dex+3}
   (You bought it in a shop on level 10 of the Dungeon)

   Dex:       It affects your dexterity (+3).
 u - the +6 crystal plate armour of Ekeu (worn) {+Blink Will+ Dex+4}
   (Okawaru gifted it to you on level 1 of the Lair of Beasts)

   Dex:       It affects your dexterity (+4).
   +Blink:    It lets you blink.
   Will:      It increases your willpower.
Jewellery
 q - a ring of positive energy (left hand)
 s - a ring of ice
Scrolls
 i - 9 scrolls of identify
 l - 3 scrolls of teleportation
 x - a scroll of enchant armour
Potions
 a - 5 potions of haste
 c - a potion of heal wounds
 d - 5 potions of might
 e - 5 potions of attraction
 f - 6 potions of curing
 g - 5 potions of lignification
 k - a potion of magic
 p - a potion of resistance
 t - 3 potions of mutation

Dungeon Overview and Level Annotations

Branches:
Dungeon (13/15)            Temple (1/1) D:5            Lair (5/5) D:11
 Shoals (0/4) Lair:3       Spider (0/4) Lair:2        Slime (0/5) Lair:4
    Orc (0/2) D:10
 Vaults: D:13-14

Altars:
Ashenzari
Cheibriados
Dithmenos
Elyvilon
Fedhas
Gozag
Hepliaklqana
Kikubaaqudgha
Makhleb
Nemelex Xobeh
Okawaru
Qazlal
Ru
Sif Muna
Trog
Uskayaw
Vehumet
Wu Jian
Xom
Yredelemnul
Zin
The Shining One

Shops:
D:5 ((=   D:6 :   D:8 (   D:10 [

Annotations:
D:13 Rupert
Lair:4 1 runed translucent door


Message History

Magic restored.
You start resting.
HP restored.
Found an escape hatch in the floor.
You now have 659 gold pieces (gained 21).
i - 9 scrolls of identify (gained 1)
Found a chain mail.
Enter note: You now have 673 gold pieces (gained 14).
Rupert the Wild comes into view.
He is wielding a +2 vorpal great mace.
Rupert shouts!
21188 ||| INVOKING Heroism.
You gain the combat prowess of a mighty hero.
Rupert says, "My Mum always said: 'Kill them all.'"
21189 ||| INVOKING Finesse.
You can now deal lightning-fast blows.
You can no longer enter into single combat with a foe.
Okawaru will no longer gift you equipment.
Rupert yells loudly at you.
You easily resist.
You slice Rupert!!
Rupert is lightly wounded.
You barely miss Rupert.
Rupert is lightly wounded.
You slash Rupert!
Rupert is moderately wounded.
Rupert roars wildly at you.
You suddenly lose the ability to move!
Rupert hits you but does no damage.
Rupert roars madly and goes into a rage!
Rupert goes berserk!
Rupert hits you with a +2 vorpal great mace!! x2
Rupert hits you with a +2 vorpal great mace.
Rupert hits you but does no damage.
You can move again.
21198 ||| READING 4 scrolls of teleportation.
As you read the scroll of teleportation, it crumbles to dust.
You feel strangely unstable.
Rupert hits you with a +2 vorpal great mace. x2
You die...

.##)...##..... #....##.......
,
..#.##..#.....#..##.#...#####
.....##.........##......#
..##..#.##. .##.#..##..##
#..##....* *#....##..##
##..#.##..# #..##.#..#### *
.......##.....##...[..... , ,
........#.....#..........
...............@@.####...
..###..#######..### .. * ..#
*..# #.. * .(# .# #..* , .<#
.# #.. , ..# , #.. * , ..# ,,
#.. * * ..# , * * #..* ..#* ,
, , , ,


You could see Rupert (berserk).

Vanquished Creatures
  Snorg (Lair:4)
  2 catoblepae
  A boulder beetle (D:11)
  A hydra (Lair:4)
  A centaur warrior (D:13)
  A two-headed ogre (D:9)
  9 death yaks
  A deep troll shaman (Lair:5)
  5 skeletal warriors (D:12)
  A lindwurm (Lair:5)
  2 ugly things (D:12)
  2 cyclopes
  4 elephants (Lair:5)
  6 black mambas
  8 cane toads
  Joseph (D:7)
  3 gargoyles
  2 unseen horrors
  5 kobold demonologists
  8 komodo dragons
  A rime drake (Lair:5)
  3 polar bears (Lair:5)
  A hornet (D:8)
  3 trolls
  18 blink frogs
  9 slime creatures (D:12)
  40 yaks
  A wyvern (Lair:2)
  Grum (D:8)
  2 steam dragons
  6 basilisks
  Menkaure (D:6)
  3 wargs (D:11)
  17 water moccasins
  2 acid dragons
  3 black bears
  2 ice beasts
  2 sky beasts
  3 orc warriors
  10 centaurs
  An ogre (D:5)
  12 wolves
  2 phantoms
  4 kobold brigands
  2 necrophages (D:6)
  9 bullfrogs
  2 gnoll sergeants
  4 scorpions
  3 wights (D:7)
  19 killer bees
  8 howler monkeys
  3 jellies
  2 hounds (D:5)
  2 gnoll boudas
  7 orc priests
  2 iguanas (D:6)
  6 hell rats (Lair:2)
  Natasha (D:4)
  9 orc wizards
  13 gnolls
  5 adders
  A white imp (D:6)
  An ufetubus (D:6)
  2 worms
  3 dart slugs
  32 orcs
  5 endoplasms
  2 giant cockroaches
  7 goblins
  9 hobgoblins
  2 jackals (D:3)
  3 quokkas
  9 ball pythons
  4 bats
  7 frilled lizards
  28 kobolds
  6 rats
429 creatures vanquished.

Vanquished Creatures (others)
  14 fungi
  31 plants
45 creatures vanquished.

Grand Total: 474 creatures vanquished

Notes
Turn   | Place    | Note
-------+----------+-------------------------------------------
     0 | D:1      | qw the Gargoyle Fighter began the quest for the Orb.
     0 | D:1      | Reached XP level 1. HP: 14/14 MP: 1/1
     0 | D:1      | 0 ||| qw: Version: 0.2-a-12-gaebbb33
     0 | D:1      | 0 ||| qw: Game counter: 907
     0 | D:1      | 0 ||| qw: Always use a shield: true
     0 | D:1      | 0 ||| qw: God list: Okawaru
     0 | D:1      | 0 ||| qw: Allow faded altars: false
     0 | D:1      | 0 ||| qw: Do Orc after D:15 true
     0 | D:1      | 0 ||| qw: Do second Lair branch before Depths: true
     0 | D:1      | 0 ||| qw: Lair rune preference: random
     0 | D:1      | 0 ||| qw: Plans: Normal, Zot:1-4, God:TSO, Crypt, Tomb,
                  | Pan, Slime:5, Hells, Abyss, Orb
     0 | D:1      | 0 ||| PLANNING D:1-11
   378 | D:1      | 378 ||| Stepping ~*~*~tactically~*~*~ (stealth).
   433 | D:1      | Reached XP level 2. HP: 19/19 MP: 2/2
   570 | D:1      | 570 ||| Stepping ~*~*~tactically~*~*~ (stealth).
   739 | D:1      | 739 ||| Stepping ~*~*~tactically~*~*~ (stealth).
   767 | D:1      | Reached skill level 3 in Axes
  1079 | D:1      | 1079 ||| READING scroll labelled BUTSILO QOECE.
  1080 | D:1      | 1080 ||| READING scroll labelled UPYDIU PUAPI.
  1081 | D:1      | 1081 ||| READING scroll labelled NUSOEFARCHIO.
  1082 | D:1      | 1082 ||| READING scroll labelled POCADA NUE.
  1083 | D:1      | 1083 ||| DRINKING 2 puce potions.
  1083 | D:1      | Gained mutation: Your muscles are strong. (Str +4, Int/Dex
                  | -1) [potion of mutation]
  1083 | D:1      | Gained mutation: Your flesh is heat resistant. (rF+)
                  | [potion of mutation]
  1083 | D:1      | Gained mutation: You occasionally lose the ability to drink
                  | potions when taking damage. [potion of mutation]
  1083 | D:1      | Gained mutation: Your flesh is very heat resistant. (rF++)
                  | [potion of mutation]
  1084 | D:1      | 1084 ||| DRINKING potion of mutation.
  1084 | D:1      | Lost mutation: Your muscles are strong. (Str +4, Int/Dex
                  | -1) [potion of mutation]
  1084 | D:1      | Lost mutation: Your flesh is very heat resistant. (rF++)
                  | [potion of mutation]
  1084 | D:1      | Lost mutation: Your flesh is heat resistant. (rF+) [potion
                  | of mutation]
  1124 | D:2      | Reached XP level 3. HP: 23/23 MP: 3/3
  1195 | D:2      | 1195 ||| Stepping ~*~*~tactically~*~*~ (stealth).
  1198 | D:2      | 1198 ||| Stepping ~*~*~tactically~*~*~ (stealth).
  1199 | D:2      | 1199 ||| Stepping ~*~*~tactically~*~*~ (stealth).
  1200 | D:2      | 1200 ||| Stepping ~*~*~tactically~*~*~ (stealth).
  1201 | D:2      | 1201 ||| Stepping ~*~*~tactically~*~*~ (stealth).
  1313 | D:2      | 1313 ||| Stepping ~*~*~tactically~*~*~ (stealth).
  1317 | D:2      | 1317 ||| Stepping ~*~*~tactically~*~*~ (stealth).
  1319 | D:2      | 1319 ||| Stepping ~*~*~tactically~*~*~ (hiding).
  1323 | D:2      | 1323 ||| Stepping ~*~*~tactically~*~*~ (stealth).
  1368 | D:2      | Reached XP level 4. HP: 28/28 MP: 4/4
  1436 | D:2      | 1436 ||| Stepping ~*~*~tactically~*~*~ (stealth).
  1436 | D:2      | Found a faded altar of an unknown god.
  1598 | D:2      | Found a white marble altar of Elyvilon.
  1656 | D:2      | You fall into a shaft and drop 2 floors!
  1657 | D:4      | 1657 ||| UPGRADING to +0 cloak.
  1662 | D:4      | 1662 ||| READING scroll labelled RIYGEE ISCHUETH.
  1663 | D:4      | 1663 ||| READING scroll labelled BUROTE DECUCYO.
  1664 | D:4      | 1664 ||| READING scroll labelled BOETEN CINEU.
  1665 | D:4      | 1665 ||| DRINKING 3 amethyst potions.
  1671 | D:4      | 1671 ||| STAIRDANCE
  1710 | D:3      | 1710 ||| Stepping ~*~*~tactically~*~*~ (stealth).
  1816 | D:3      | 1816 ||| Stepping ~*~*~tactically~*~*~ (stealth).
  1818 | D:3      | 1818 ||| Stepping ~*~*~tactically~*~*~ (stealth).
  2108 | D:3      | 2108 ||| FLEEEEING.
  2109 | D:3      | 2109 ||| FLEEEEING.
  2110 | D:3      | 2110 ||| FLEEEEING.
  2111 | D:3      | 2111 ||| FLEEEEING.
  2112 | D:3      | 2112 ||| FLEEEEING.
  2113 | D:3      | 2113 ||| FLEEEEING.
  2114 | D:3      | 2114 ||| FLEEEEING.
  2115 | D:3      | 2115 ||| FLEEEEING.
  2116 | D:3      | 2116 ||| FLEEEEING.
  2117 | D:3      | 2117 ||| Stepping ~*~*~tactically~*~*~ (hiding).
  2130 | D:3      | Reached XP level 5. HP: 26/32 MP: 5/5
  2287 | D:3      | 2287 ||| READING 3 scrolls of identify.
  2287 | D:3      | 2287 ||| IDENTIFYING metallic coppery potion
  2288 | D:3      | 2288 ||| READING 2 scrolls of identify.
  2288 | D:3      | 2288 ||| IDENTIFYING golden potion
  2289 | D:3      | 2289 ||| DROPPING potion of flight.
  2499 | D:4      | Noticed a black bear
  2500 | D:4      | 2500 ||| Stepping ~*~*~tactically~*~*~ (stealth).
  2507 | D:4      | Killed a black bear
  2719 | D:4      | Reached XP level 6. HP: 36/38 MP: 6/6
  2781 | D:4      | 2781 ||| DROPPING +0 whip.
  2830 | D:4      | Noticed Natasha
  2842 | D:4      | Killed Natasha
  3012 | D:4      | 3012 ||| UPGRADING to amulet of guardian spirit.
  3017 | D:4      | 3017 ||| READING scroll labelled FODARU FIME.
  3037 | D:5      | Entered Level 5 of the Dungeon
  3037 | D:5      | Found a staircase to the Ecumenical Temple.
  3041 | D:5      | 3041 ||| PLANNING TEMPLE
  3041 | D:5      | 3041 ||| FLEEEEING.
  3042 | D:5      | 3042 ||| FLEEEEING.
  3043 | D:5      | 3043 ||| FLEEEEING.
  3044 | D:5      | 3044 ||| STAIRDANCE
  3048 | D:5      | 3048 ||| STAIRDANCE
  3052 | D:4      | Reached skill level 1 in Dodging
  3077 | D:5      | 3077 ||| STAIRDANCE
  3208 | D:5      | Reached skill level 6 in Axes
  3208 | D:5      | 3208 ||| STAIRDANCE
  3295 | Temple   | Entered the Ecumenical Temple
  3312 | Temple   | 3312 ||| PLANNING OKAWARU WORSHIP
  3453 | Temple   | Became a worshipper of Warmaster Okawaru
  3454 | Temple   | 3454 ||| PLANNING D:1-11
  3454 | Temple   | 3454 ||| REMOVING amulet of guardian spirit.
  3459 | Temple   | 3459 ||| DROPPING amulet of guardian spirit.
  3493 | D:5      | 3493 ||| Stepping ~*~*~tactically~*~*~ (stealth).
  3499 | D:5      | 3499 ||| Stepping ~*~*~tactically~*~*~ (stealth).
  3512 | D:5      | HP: 8/38 [ogre/+0 giant spiked club (13)]
  3515 | D:5      | Reached XP level 7. HP: 9/43 MP: 7/7
  3764 | D:5      | 3764 ||| READING scroll of enchant armour.
  3764 | D:5      | 3764 ||| ENCHANTING +0 cloak.
  3894 | D:5      | 3894 ||| FLEEEEING.
  3895 | D:5      | 3895 ||| FLEEEEING.
  3896 | D:5      | 3896 ||| FLEEEEING.
  3897 | D:5      | 3897 ||| FLEEEEING.
  3903 | D:5      | 3903 ||| Stepping ~*~*~tactically~*~*~ (stealth).
  3929 | D:5      | 3929 ||| DROPPING +0 whip of freezing.
  4024 | D:5      | Found Hyxak's Jewellery Boutique.
  4027 | D:5      | 4027 ||| SHOPLISTING +4 ring of protection (396 gold, have
                  | 252).
  4027 | D:5      | 4027 ||| SHOPLISTING amulet of reflection (330 gold, have
                  | 252).
  4027 | D:5      | 4027 ||| SHOPLISTING ring of ice (275 gold, have 252).
  4027 | D:5      | 4027 ||| BUYING ring of positive energy (220 gold).
  4027 | D:5      | Bought a ring of positive energy for 220 gold pieces
  4027 | D:5      | 4027 ||| SHOPLISTING ring of protection from cold (275
                  | gold, have 32).
  4031 | D:5      | Found Yjuar's Antique Weapon Shop.
  4040 | D:5      | 4040 ||| SHOPLISTING dazzling war axe (255 gold, have 32).
  4067 | D:5      | Found Nyhad's Antique Weapon Shoppe.
  4336 | D:5      | 4336 ||| UPGRADING to +0 chain mail.
  4346 | D:5      | 4346 ||| DROPPING +0 scale mail.
  4347 | D:5      | 4347 ||| UPGRADING to +0 plate armour.
  4357 | D:5      | 4357 ||| DROPPING +0 chain mail.
  4358 | D:5      | 4358 ||| DROPPING ring of flight.
  4359 | D:5      | 4359 ||| UPGRADING to ring of positive energy.
  4360 | D:5      | 4360 ||| READING scroll labelled GEOCHY GOZAV.
  4400 | D:6      | 4400 ||| FLEEEEING.
  4411 | D:6      | Reached * piety under Okawaru
  4412 | D:6      | Reached XP level 8. HP: 32/49 MP: 8/8
  4530 | D:6      | Reached skill level 1 in Invocations
  4533 | D:6      | 4533 ||| INVOKING Heroism.
  4622 | D:6      | Found Jytam's Book Shoppe.
  4648 | D:6      | Noticed Menkaure
  4649 | D:6      | 4649 ||| INVOKING Heroism.
  4650 | D:6      | 4650 ||| INVOKING Heroism.
  4654 | D:6      | Killed Menkaure
  4718 | D:6      | 4718 ||| Stepping ~*~*~tactically~*~*~ (stealth).
  4740 | D:6      | 4740 ||| Stepping ~*~*~tactically~*~*~ (stealth).
  4754 | D:6      | Reached skill level 3 in Invocations
  4930 | D:6      | 4930 ||| Stepping ~*~*~tactically~*~*~ (stealth).
  4942 | D:6      | 4942 ||| Stepping ~*~*~tactically~*~*~ (stealth).
  4955 | D:6      | 4955 ||| Stepping ~*~*~tactically~*~*~ (stealth).
  4956 | D:6      | 4956 ||| Stepping ~*~*~tactically~*~*~ (stealth).
  4957 | D:6      | 4957 ||| INVOKING Heroism.
  4970 | D:6      | Reached ** piety under Okawaru
  5048 | D:6      | 5048 ||| INVOKING Heroism.
  5051 | D:6      | 5051 ||| Stepping ~*~*~tactically~*~*~ (cloud).
  5061 | D:6      | 5061 ||| Stepping ~*~*~tactically~*~*~ (cloud).
  5363 | D:6      | 5363 ||| INVOKING Heroism.
  5386 | D:6      | 5386 ||| UPGRADING to +0 tower shield.
  5396 | D:6      | 5396 ||| DROPPING +0 buckler.
  5397 | D:6      | 5397 ||| READING 2 scrolls of identify.
  5397 | D:6      | 5397 ||| IDENTIFYING sedimented blue potion
  5411 | D:6      | 5411 ||| INVOKING Heroism.
  5417 | D:6      | Reached skill level 4 in Shields
  5417 | D:6      | Reached XP level 9. HP: 55/55 MP: 9/12
  5436 | D:6      | 5436 ||| READING scroll labelled KASHRU GOLIXTI.
  5461 | D:7      | 5461 ||| Stepping ~*~*~tactically~*~*~ (stealth).
  5471 | D:7      | 5471 ||| INVOKING Heroism.
  5484 | D:7      | Reached skill level 5 in Shields
  5645 | D:7      | Found a burning altar of Makhleb.
  5788 | D:7      | Reached skill level 6 in Shields
  5859 | D:7      | 5859 ||| INVOKING Heroism.
  5872 | D:7      | Reached skill level 7 in Shields
  5954 | D:7      | 5954 ||| DRINKING potion of mutation.
  5954 | D:7      | Lost mutation: You occasionally lose the ability to drink
                  | potions when taking damage. [potion of mutation]
  5954 | D:7      | Gained mutation: You passively map a small area around you.
                  | [potion of mutation]
  5954 | D:7      | Gained mutation: Your magical capacity is low. (-10% MP)
                  | [potion of mutation]
  6111 | D:7      | Noticed Joseph
  6112 | D:7      | 6112 ||| Stepping ~*~*~tactically~*~*~ (hiding).
  6125 | D:7      | 6125 ||| INVOKING Heroism.
  6134 | D:7      | Killed Joseph
  6134 | D:7      | Reached *** piety under Okawaru
  6135 | D:7      | Reached skill level 8 in Shields
  6399 | D:7      | 6399 ||| UPGRADING to +1 pair of boots.
  6424 | D:8      | 6424 ||| INVOKING Heroism.
  6436 | D:8      | Reached skill level 9 in Shields
  6436 | D:8      | 6436 ||| Stepping randomly (cloudy).
  6436 | D:8      | Noticed a hornet
  6444 | D:8      | 6444 ||| INVOKING Heroism.
  6452 | D:8      | Killed a hornet
  6453 | D:8      | Reached XP level 10. HP: 20/60 MP: 9/11
  6700 | D:8      | 6700 ||| INVOKING Heroism.
  6706 | D:8      | Reached skill level 10 in Shields
  6717 | D:8      | Reached **** piety under Okawaru
  6719 | D:8      | Reached skill level 11 in Shields
  6920 | D:8      | 6920 ||| Stepping ~*~*~tactically~*~*~ (hiding).
  7058 | D:8      | 7058 ||| INVOKING Heroism.
  7175 | D:8      | 7175 ||| Stepping ~*~*~tactically~*~*~ (hiding).
  7176 | D:8      | 7176 ||| Stepping ~*~*~tactically~*~*~ (hiding).
  7177 | D:8      | 7177 ||| Stepping ~*~*~tactically~*~*~ (hiding).
  7180 | D:8      | 7180 ||| INVOKING Heroism.
  7246 | D:8      | 7246 ||| Stepping ~*~*~tactically~*~*~ (stealth).
  7249 | D:8      | 7249 ||| INVOKING Heroism.
  7262 | D:8      | Received a gift from Okawaru
  7263 | D:8      | Reached skill level 6 in Fighting
  7388 | D:8      | 7388 ||| INVOKING Heroism.
  7403 | D:8      | 7403 ||| INVOKING Heroism.
  7429 | D:8      | Noticed Grum
  7430 | D:8      | 7430 ||| Stepping ~*~*~tactically~*~*~ (hiding).
  7432 | D:8      | 7432 ||| Stepping ~*~*~tactically~*~*~ (hiding).
  7433 | D:8      | 7433 ||| Stepping ~*~*~tactically~*~*~ (hiding).
  7434 | D:8      | 7434 ||| INVOKING Heroism.
  7441 | D:8      | Reached skill level 6 in Invocations
  7442 | D:8      | Killed Grum
  7833 | D:8      | 7833 ||| Stepping ~*~*~tactically~*~*~ (hiding).
  8087 | D:8      | Found Vifipuxu's Antique Weapon Shoppe.
  8095 | D:8      | 8095 ||| SHOPLISTING glowing broad axe (238 gold, have
                  | 185).
  8095 | D:8      | 8095 ||| SHOPLISTING glowing mace (204 gold, have 185).
  8355 | D:9      | 8355 ||| READING scroll of enchant armour.
  8355 | D:9      | 8355 ||| ENCHANTING +1 pair of boots.
  8405 | D:9      | Found a stormy altar of Qazlal.
  8460 | D:9      | 8460 ||| Stepping ~*~*~tactically~*~*~ (hiding).
  8465 | D:9      | 8465 ||| INVOKING Heroism.
  8485 | D:9      | Noticed a two-headed ogre
  8494 | D:9      | 8494 ||| INVOKING Heroism.
  8506 | D:9      | HP: 7/60 [two-headed ogre/+0 giant club (15)]
  8507 | D:9      | Reached XP level 11. HP: 7/64 MP: 12/14
  8507 | D:9      | 8507 ||| READING 2 scrolls of teleportation.
  8859 | D:9      | 8859 ||| INVOKING Heroism.
  8869 | D:9      | Killed a two-headed ogre
  8869 | D:9      | Reached ***** piety under Okawaru
  8870 | D:9      | Reached skill level 9 in Axes
  9084 | D:9      | 9084 ||| Stepping ~*~*~tactically~*~*~ (stealth).
  9087 | D:9      | 9087 ||| INVOKING Heroism.
  9210 | D:9      | 9210 ||| READING scroll labelled LYPSYOSHR KEFU.
  9268 | D:9      | 9268 ||| READING scroll labelled FENOCZ EPAYQIV.
  9269 | D:9      | 9269 ||| READING 3 scrolls of identify.
  9269 | D:9      | 9269 ||| IDENTIFYING grey potion
  9270 | D:9      | 9270 ||| READING 2 scrolls of identify.
  9270 | D:9      | 9270 ||| IDENTIFYING murky orange potion
  9288 | D:10     | Entered Level 10 of the Dungeon
  9289 | D:10     | 9289 ||| INVOKING Heroism.
  9290 | D:10     | 9290 ||| STAIRDANCE
  9305 | D:10     | 9305 ||| STAIRDANCE
  9383 | D:10     | 9383 ||| INVOKING Heroism.
  9389 | D:10     | 9389 ||| Stepping ~*~*~tactically~*~*~ (stealth).
  9390 | D:10     | 9390 ||| Stepping ~*~*~tactically~*~*~ (stealth).
  9460 | D:10     | Noticed a soul eater
  9461 | D:10     | 9461 ||| INVOKING Heroism.
  9547 | D:10     | 9547 ||| INVOKING Heroism.
  9628 | D:10     | Found a staircase to the Orcish Mines.
  9736 | D:10     | 9736 ||| Stepping ~*~*~tactically~*~*~ (stealth).
  9881 | D:10     | Found Wezuar's Armour Shoppe.
  9889 | D:10     | 9889 ||| BUYING +0 pair of gloves of Prudence {Dex+3} (195
                  | gold).
  9889 | D:10     | Bought the +0 pair of gloves of Prudence {Dex+3} for 195
                  | gold pieces
  9889 | D:10     | 9889 ||| SHOPLISTING +2 storm dragon scales (1012 gold,
                  | have 145).
  9938 | D:10     | 9938 ||| READING scroll of enchant armour.
  9938 | D:10     | 9938 ||| ENCHANTING +1 cloak.
 10124 | D:10     | 10124 ||| INVOKING Heroism.
 10212 | D:10     | 10212 ||| INVOKING Heroism.
 10332 | D:10     | 10332 ||| UPGRADING to +0 pair of gloves of Prudence
                  | {Dex+3}.
 10377 | D:11     | Found a white marble altar of Elyvilon.
 10380 | D:11     | 10380 ||| INVOKING Heroism.
 10393 | D:11     | Received a gift from Okawaru
 10418 | D:11     | 10418 ||| INVOKING Heroism.
 10503 | D:11     | 10503 ||| Stepping ~*~*~tactically~*~*~ (hiding).
 10518 | D:11     | Reached skill level 9 in Invocations
 10518 | D:11     | 10518 ||| DRINKING 6 potions of curing.
 10518 | D:11     | 10518 ||| (to cure confusion)
 10621 | D:11     | 10621 ||| INVOKING Heroism.
 10829 | D:11     | 10829 ||| Stepping ~*~*~tactically~*~*~ (hiding).
 10851 | D:11     | 10851 ||| INVOKING Heroism.
 10857 | D:11     | Reached skill level 6 in Armour
 10863 | D:11     | 10863 ||| DRINKING 5 potions of curing.
 10863 | D:11     | 10863 ||| (to cure confusion)
 10964 | D:11     | Received a gift from Okawaru
 11189 | D:11     | 11189 ||| INVOKING Heroism.
 11206 | D:11     | 11206 ||| Stepping ~*~*~tactically~*~*~ (stealth).
 11225 | D:11     | Found a staircase to the Lair.
 11341 | D:11     | Noticed a cyclops
 11342 | D:11     | 11342 ||| INVOKING Heroism.
 11352 | D:11     | Killed a cyclops
 11353 | D:11     | Reached skill level 12 in Shields
 11371 | D:11     | Noticed a boulder beetle
 11372 | D:11     | 11372 ||| INVOKING Heroism.
 11373 | D:11     | 11373 ||| INVOKING Finesse.
 11414 | D:11     | Killed a boulder beetle
 11452 | D:11     | 11452 ||| Stepping ~*~*~tactically~*~*~ (stealth).
 11864 | D:11     | 11864 ||| PLANNING LAIR
 11864 | D:11     | 11864 ||| READING scroll labelled AQURUOMAHO.
 11865 | D:11     | 11865 ||| READING 2 scrolls of identify.
 11865 | D:11     | 11865 ||| IDENTIFYING fuming orange potion
 11901 | Lair:1   | Entered Level 1 of the Lair of Beasts
 11953 | Lair:1   | 11953 ||| INVOKING Heroism.
 11978 | Lair:1   | Reached XP level 12. HP: 61/72 MP: 17/17
 12047 | Lair:1   | 12047 ||| Stepping ~*~*~tactically~*~*~ (hiding).
 12256 | Lair:1   | 12256 ||| INVOKING Heroism.
 12407 | Lair:1   | 12407 ||| INVOKING Heroism.
 12429 | Lair:1   | Identified the +6 crystal plate armour of Ekeu {+Blink
                  | Will+ Dex+4} (Okawaru gifted it to you on level 1 of the
                  | Lair of Beasts)
 12429 | Lair:1   | Received a gift from Okawaru
 12787 | Lair:1   | 12787 ||| INVOKING Heroism.
 12933 | Lair:1   | 12933 ||| INVOKING Heroism.
 13098 | Lair:1   | 13098 ||| UPGRADING to +6 crystal plate armour of Ekeu
                  | {+Blink Will+ Dex+4}.
 13108 | Lair:1   | 13108 ||| DROPPING +0 plate armour.
 13109 | Lair:1   | 13109 ||| READING 2 scrolls of identify.
 13109 | Lair:1   | 13109 ||| IDENTIFYING inky potion
 13110 | Lair:1   | 13110 ||| DROPPING potion of degeneration.
 13293 | Lair:2   | 13293 ||| INVOKING Heroism.
 13570 | Lair:2   | Found the +9 scales of the Dragon King {rPois rF+ rC+
                  | Will+}
 13638 | Lair:2   | 13638 ||| Stepping ~*~*~tactically~*~*~ (hiding).
 13642 | Lair:2   | 13642 ||| INVOKING Heroism.
 13958 | Lair:2   | 13958 ||| Stepping ~*~*~tactically~*~*~ (stealth).
 13960 | Lair:2   | 13960 ||| INVOKING Heroism.
 13973 | Lair:2   | 13973 ||| Stepping ~*~*~tactically~*~*~ (stealth).
 14034 | Lair:2   | Reached skill level 9 in Armour
 14122 | Lair:2   | Found a hole to the Spider Nest.
 14447 | Lair:2   | 14447 ||| READING 2 scrolls of identify.
 14447 | Lair:2   | 14447 ||| IDENTIFYING bubbling dark potion
 14448 | Lair:2   | 14448 ||| DROPPING potion of berserk rage.
 14547 | Lair:3   | 14547 ||| Stepping ~*~*~tactically~*~*~ (stealth).
 14548 | Lair:3   | 14548 ||| Stepping ~*~*~tactically~*~*~ (stealth).
 14551 | Lair:3   | 14551 ||| INVOKING Heroism.
 14617 | Lair:3   | 14617 ||| Stepping ~*~*~tactically~*~*~ (water).
 14638 | Lair:3   | Found a staircase to the Shoals.
 14937 | Lair:3   | 14937 ||| INVOKING Heroism.
 14946 | Lair:3   | Reached skill level 13 in Shields
 15011 | Lair:3   | 15011 ||| INVOKING Heroism.
 15436 | Lair:3   | 15436 ||| READING scroll labelled CONIR KUCAKH.
 15468 | Lair:4   | Found a runed translucent door.
 15469 | Lair:4   | Found a staircase to the Slime Pits.
 15478 | Lair:4   | 15478 ||| INVOKING Heroism.
 15503 | Lair:4   | Noticed an eight-headed hydra
 15504 | Lair:4   | 15504 ||| INVOKING Finesse.
 15507 | Lair:4   | 15507 ||| SWAPPING to +0 flail.
 15513 | Lair:4   | Killed an eight-headed hydra
 15514 | Lair:4   | 15514 ||| SWAPPING to +0 war axe.
 15644 | Lair:4   | 15644 ||| INVOKING Heroism.
 15778 | Lair:4   | Noticed a death yak
 15778 | Lair:4   | Noticed a death yak
 15779 | Lair:4   | 15779 ||| INVOKING Heroism.
 15779 | Lair:4   | Noticed a death yak
 15780 | Lair:4   | 15780 ||| INVOKING Finesse.
 15783 | Lair:4   | Noticed a death yak
 15793 | Lair:4   | Killed a death yak
 15794 | Lair:4   | Reached XP level 13. HP: 78/78 MP: 11/18
 16092 | Lair:4   | 16092 ||| Stepping ~*~*~tactically~*~*~ (hiding).
 16372 | Lair:4   | Noticed Snorg
 16373 | Lair:4   | 16373 ||| INVOKING Heroism.
 16374 | Lair:4   | 16374 ||| INVOKING Finesse.
 16399 | Lair:4   | Killed Snorg
 16755 | Lair:5   | Entered Level 5 of the Lair of Beasts
 16774 | Lair:5   | 16774 ||| Stepping ~*~*~tactically~*~*~ (stealth).
 16776 | Lair:5   | 16776 ||| INVOKING Heroism.
 16863 | Lair:5   | 16863 ||| INVOKING Heroism.
 16876 | Lair:5   | Identified the +8 dire flail "Mazesch" {spect, +Blink rC+}
                  | (Okawaru gifted it to you on level 5 of the Lair of Beasts)
 16876 | Lair:5   | Received a gift from Okawaru
 17098 | Lair:5   | 17098 ||| INVOKING Heroism.
 17113 | Lair:5   | 17113 ||| INVOKING Heroism.
 17164 | Lair:5   | 17164 ||| INVOKING Heroism.
 17249 | Lair:5   | 17249 ||| Stepping ~*~*~tactically~*~*~ (stealth).
 17251 | Lair:5   | 17251 ||| Stepping ~*~*~tactically~*~*~ (stealth).
 17253 | Lair:5   | 17253 ||| INVOKING Heroism.
 17270 | Lair:5   | Reached skill level 9 in Fighting
 17361 | Lair:5   | 17361 ||| INVOKING Heroism.
 17426 | Lair:5   | 17426 ||| Stepping ~*~*~tactically~*~*~ (stealth).
 17428 | Lair:5   | 17428 ||| Stepping ~*~*~tactically~*~*~ (stealth).
 17430 | Lair:5   | 17430 ||| INVOKING Heroism.
 17431 | Lair:5   | 17431 ||| Stepping ~*~*~tactically~*~*~ (stealth).
 17441 | Lair:5   | Reached skill level 3 in Throwing
 17446 | Lair:5   | 17446 ||| Stepping ~*~*~tactically~*~*~ (stealth).
 17461 | Lair:5   | 17461 ||| Stepping ~*~*~tactically~*~*~ (stealth).
 17517 | Lair:5   | Reached skill level 14 in Shields
 17524 | Lair:5   | Identified the +7 dagger "Araly" {vorpal, Dex+9 Stlth-}
                  | (Okawaru gifted it to you on level 5 of the Lair of Beasts)
 17524 | Lair:5   | Received a gift from Okawaru
 17693 | Lair:5   | 17693 ||| Stepping ~*~*~tactically~*~*~ (stealth).
 17698 | Lair:5   | 17698 ||| Stepping ~*~*~tactically~*~*~ (stealth).
 17699 | Lair:5   | 17699 ||| Stepping ~*~*~tactically~*~*~ (stealth).
 17700 | Lair:5   | 17700 ||| Stepping ~*~*~tactically~*~*~ (stealth).
 17703 | Lair:5   | 17703 ||| Stepping ~*~*~tactically~*~*~ (stealth).
 17705 | Lair:5   | 17705 ||| Stepping ~*~*~tactically~*~*~ (stealth).
 17706 | Lair:5   | 17706 ||| Stepping ~*~*~tactically~*~*~ (stealth).
 17855 | Lair:5   | 17855 ||| INVOKING Heroism.
 17856 | Lair:5   | 17856 ||| INVOKING Finesse.
 17859 | Lair:5   | 17859 ||| Stepping ~*~*~tactically~*~*~ (stealth).
 17862 | Lair:5   | 17862 ||| Stepping ~*~*~tactically~*~*~ (stealth).
 17888 | Lair:5   | Identified the +0 robe "Nipelio" {Harm Str+2 Slay-6}
                  | (Okawaru gifted it to you on level 5 of the Lair of Beasts)
 17888 | Lair:5   | Received a gift from Okawaru
 17891 | Lair:5   | 17891 ||| INVOKING Finesse.
 17895 | Lair:5   | Reached skill level 12 in Axes
 18170 | Lair:5   | 18170 ||| Stepping ~*~*~tactically~*~*~ (stealth).
 18171 | Lair:5   | 18171 ||| Stepping ~*~*~tactically~*~*~ (stealth).
 18172 | Lair:5   | 18172 ||| Stepping ~*~*~tactically~*~*~ (stealth).
 18173 | Lair:5   | 18173 ||| INVOKING Heroism.
 18174 | Lair:5   | 18174 ||| INVOKING Finesse.
 18185 | Lair:5   | Gained mutation: Your large and strong wings let you fly.
                  | [Gargoyle growth]
 18185 | Lair:5   | Reached XP level 14. HP: 86/86 MP: 12/19
 18238 | Lair:5   | Identified the +4 quarterstaff of Zuajozi {elec, Will++
                  | rCorr Str-3}
 18462 | Lair:5   | 18462 ||| Stepping ~*~*~tactically~*~*~ (stealth).
 18709 | Lair:5   | 18709 ||| PLANNING D
 18709 | Lair:5   | 18709 ||| DROPPING +0 cloak of poison resistance.
 18710 | Lair:5   | 18710 ||| DROPPING ring of wizardry.
 18711 | Lair:5   | 18711 ||| READING scroll labelled FANOTTACORPH.
 18941 | D:11     | 18941 ||| Stepping ~*~*~tactically~*~*~ (stealth).
 19188 | D:12     | 19188 ||| Stepping ~*~*~tactically~*~*~ (hiding).
 19189 | D:12     | 19189 ||| INVOKING Heroism.
 19218 | D:12     | 19218 ||| INVOKING Heroism.
 19222 | D:12     | HP: 21/86 [skeletal warrior/+1 short sword of freezing (2)]
 19223 | D:12     | 19223 ||| READING 7 scrolls of teleportation.
 19224 | D:12     | 19224 ||| DRINKING potion of heal wounds.
 19430 | D:12     | 19430 ||| INVOKING Heroism.
 19432 | D:12     | 19432 ||| READING 6 scrolls of teleportation.
 19439 | D:12     | 19439 ||| Stepping ~*~*~tactically~*~*~ (stealth).
 19476 | D:12     | 19476 ||| INVOKING Heroism.
 19652 | D:12     | 19652 ||| INVOKING Heroism.
 19661 | D:12     | 19661 ||| READING 6 scrolls of teleportation.
 19711 | D:12     | 19711 ||| Stepping ~*~*~tactically~*~*~ (stealth).
 19716 | D:12     | 19716 ||| Stepping ~*~*~tactically~*~*~ (stealth).
 19722 | D:12     | 19722 ||| INVOKING Heroism.
 19730 | D:12     | 19730 ||| READING 5 scrolls of teleportation.
 19767 | D:12     | 19767 ||| Stepping ~*~*~tactically~*~*~ (stealth).
 19773 | D:12     | 19773 ||| INVOKING Heroism.
 19781 | D:12     | 19781 ||| Stepping ~*~*~tactically~*~*~ (stealth).
 20258 | D:12     | 20258 ||| INVOKING Heroism.
 20285 | D:12     | HP: 22/88 [skeletal warrior/+1 long sword of distortion
                  | (3)]
 20286 | D:12     | 20286 ||| READING 5 scrolls of teleportation.
 20588 | D:12     | 20588 ||| INVOKING Heroism.
 20680 | D:12     | 20680 ||| Stepping ~*~*~tactically~*~*~ (stealth).
 20681 | D:12     | 20681 ||| INVOKING Heroism.
 20916 | D:13     | 20916 ||| STAIRDANCE
 20966 | D:13     | 20966 ||| Stepping ~*~*~tactically~*~*~ (hiding).
 20995 | D:13     | 20995 ||| Stepping ~*~*~tactically~*~*~ (hiding).
 21003 | D:13     | 21003 ||| Stepping ~*~*~tactically~*~*~ (hiding).
 21089 | D:13     | 21089 ||| INVOKING Heroism.
 21090 | D:13     | 21090 ||| INVOKING Finesse.
 21187 | D:13     | Noticed Rupert
 21188 | D:13     | 21188 ||| INVOKING Heroism.
 21189 | D:13     | 21189 ||| INVOKING Finesse.
 21192 | D:13     | Paralysed by Rupert for 5 turns
 21196 | D:13     | HP: 13/88 [Rupert/+2 vorpal great mace (11)]
 21196 | D:13     | HP: 6/88 [Rupert/+2 vorpal great mace (1)]
 21198 | D:13     | 21198 ||| READING 4 scrolls of teleportation.
 21198 | D:13     | HP: 1/88 [Rupert/+2 vorpal great mace (3)]
 21198 | D:13     | Slain by Rupert

Levels and vault maps discovered:
D:1:      tarquinn_simple_flora_water_e, layout_basic, serial_forest,
          infiniplex_forest_clump_medium, infiniplex_forest_diagonal,
          infiniplex_forest_straight_3, infiniplex_forest_clump_medium,
          infiniplex_forest_clump_long, infiniplex_forest_straight_4,
          infiniplex_forest_lined_3_way, chequers_serial_rivers_micro_e,
          minmay_misc_feat_ornament, st_stairs_2
D:2:      layout_rooms, basic_altar, ebering_ecumenical_altar_box,
          minmay_octomino_e4
D:3:      layout_rooms, serial_glass, glass_columns_a, glass_columns_a,
          glass_columns_a, glass_columns_a, glass_columns_a, glass_columns_b,
          glass_columns_c, glass_columns_c, glass_columns_a, glass_columns_a,
          glass_columns_c, glass_columns_b, glass_columns_a, glass_columns_b
D:4:      layout_basic, glass_columns_b, uniq_natasha
D:5:      layout_cave_pools, minmay_temple_entry_stoned_glass, serial_shops,
          nicolae_shop_crystal, kennysheep_mini, kennysheep_mini_moat
D:6:      layout_basic, serial_shops, nicolae_shop_statue_plus, glass_columns_a,
          kennysheep_generic_room_13, uniq_menkaure
D:7:      layout_basic, old_standard_altar, uniq_joseph
D:8:      layout_basic, serial_shops, shop, uniq_grum
D:9:      layout_rooms, mainiacjoe_overflow_paths
D:10:     layout_stronghold, orc_0_dummy, serial_shops, nicolae_shop_stone
D:11:     layout_basic, erik_lair_orcish_takeover, elyvilon_altar_5
D:12:     layout_roguey
D:13:     layout_small_grid, serial_shops, shop_fountains, nicolae_wwwww,
          uniq_azrael, uniq_rupert
Temple:   nicolae_temple_bog_church
Lair:1:   layout_long_grid, patterned_corridor
Lair:2:   layout_cave_pods, dummy_spider_entry
Lair:3:   layout_cave_pods, shoals_dummy_entry, pond
Lair:4:   layout_cellular_growth, slime_entry_2, uniq_snorg
Lair:5:   grunt_lair_end_beastmaster, layout_regular_city

Skill      XL: |  1  2  3  4  5  6  7  8  9 10 11 12 13 14 |
---------------+-------------------------------------------+-----
Axes           | 2 3 4 5 6 7 8 9 10 12 | 12.7
Fighting       | 4 5 6 7 8 9 10 | 10.0
Dodging        | 1 2 |  2.2
Armour         | 4 5 6 10 11 | 11.0
Invocations    | 4 7 10 | 10.0
Throwing       | 2 3 |  3.0
Shields        | 4 9 11 12 13 14 | 14.8

Action                   |  1- 3 |  4- 6 |  7- 9 | 10-12 | 13-15 || total
-------------------------+-------+-------+-------+-------+-------++-------
Melee: War axe           |   131 |   134 |   254 |   801 |   729 ||  2049
       Flail             |       |       |       |     4 |       ||     4
Throw: Boomerang         |       |       |    12 |    48 |    45 ||   105
       Javelin           |       |       |       |    53 |    27 ||    80
Invok: Heroism           |       |       |    11 |    38 |    23 ||    72
       Finesse           |       |       |       |     3 |     6 ||     9
  Use: Scroll            |     4 |     6 |     4 |    12 |     7 ||    33
       Potion            |     2 |     1 |     1 |     2 |     1 ||     7
 Stab: Petrified         |       |       |       |       |     5 ||     5
       Petrifying        |       |       |       |       |     1 ||     1
Armor: Scale mail        |    66 |    70 |    16 |       |       ||   152
       Plate armour      |       |       |   141 |   446 |       ||   587
       Crystal plate arm |       |       |       |   110 |   349 ||   459
Dodge: Dodged            |    56 |    50 |    71 |   158 |    69 ||   404
Block: Buckler           |    29 |    20 |    26 |       |       ||    75
       Tower shield      |       |       |   109 |   841 |   537 ||  1487

Table legend:
 A = Non-vault XP
 B = Vault XP
 C = Vault XP percentage of total XP
 D = Non-vault monster count
 E = Vault monster count
 F = Vault count percentage of total count
                 A         B        C        D         E       F
            +---------+---------+-------+---------+---------+-------
      Total |   55247 |   13286 |  19.4 |     378 |      51 |  11.9
            +---------+---------+-------+---------+---------+-------
        D:1 |      29 |       2 |   6.5 |      20 |       2 |   9.1
        D:2 |      55 |      11 |  16.7 |      23 |       7 |  23.3
        D:3 |      83 |       0 |   0.0 |      20 |       0 |   0.0
        D:4 |     343 |      35 |   9.3 |       8 |       1 |  11.1
        D:5 |     508 |       0 |   0.0 |      10 |       0 |   0.0
        D:6 |    1167 |     227 |  16.3 |      21 |       3 |  12.5
        D:7 |    1317 |     430 |  24.6 |      25 |       1 |   3.8
        D:8 |    3613 |     417 |  10.3 |      30 |       3 |   9.1
        D:9 |    2047 |       0 |   0.0 |      30 |       0 |   0.0
       D:10 |    2550 |       0 |   0.0 |      21 |       0 |   0.0
       D:11 |    3531 |     685 |  16.2 |      28 |      10 |  26.3
       D:12 |   10363 |       0 |   0.0 |      31 |       0 |   0.0
       D:13 |    2847 |       0 |   0.0 |       6 |       0 |   0.0
     Lair:1 |    5726 |       0 |   0.0 |      25 |       0 |   0.0
     Lair:2 |    3364 |       0 |   0.0 |      23 |       0 |   0.0
     Lair:3 |    1113 |    1444 |  56.5 |       4 |       6 |  60.0
     Lair:4 |    7848 |     987 |  11.2 |      22 |       1 |   4.3
     Lair:5 |    8743 |    9048 |  50.9 |      31 |      17 |  35.4
            +---------+---------+-------+---------+---------+-------
